 Dungeon Crawl Stone Soup version 0.31-a0-187-gba352fbbf7 (webtiles) character file.

Game seed: 9721665728301876017

28 qw the Shooter (level 2, 0/16 HPs)
             Began as a Deep Elf Hunter on June 22, 2023.
             Slain by Sigmund
             ... wielding a +0 scythe
              (7 damage)
             ... on level 2 of the Dungeon.
             The game lasted 00:00:19 (787 turns).

qw the Shooter (Deep Elf Hunter)                     Turns: 787, Time: 00:00:20

Health: 0/16       AC:  5    Str:  8    XL:     2   Next: 96%
Magic:  4/4        EV: 12    Int: 13    God:
Gold:   70         SH:  0    Dex: 24    Spells: 1/1 levels left

rFire   . . .        Y - +2 shortbow
rCold   . . .        (shield currently unavailable)
rNeg    . . .        c - +0 leather armour
rPois   .            j - +0 helmet
rElec   .            h - +0 cloak
rCorr   .            (no gloves)
SInv    .            (no boots)
Will    .....        (no amulet)
Stlth   ++           d - +6 ring of dexterity
HPRegen 0.22/turn    (no ring)
MPRegen 0.09/turn

%: no passive effects
@: no status effects
A: no striking features
a: no special abilities


You were on level 2 of the Dungeon.
You visited 1 branch of the dungeon, and saw 2 of its levels.

You collected 70 gold pieces.


   Skills:
 - Level 1.5 Fighting
 + Level 6.6 Ranged Weapons
 - Level 2.4 Dodging
 - Level 1.2 Stealth


You had one spell level left.
You didn't know any spells.
Your spell library was empty.

Inventory:

Hand Weapons
 Y - a +2 shortbow (weapon)
Armour
 c - a +0 leather armour (worn)
 h - a +0 cloak (worn)
 j - a +0 helmet (worn)
Jewellery
 d - a +6 ring of dexterity (left hand)
Potions
 e - 3 potions of heal wounds {unknown}
 i - a potion of enlightenment {unknown}
 k - a potion of berserk rage {unknown}

Dungeon Overview and Level Annotations

Branches:
Dungeon (2/15)

Altars:

Annotations:
D:2 Sigmund


Message History

Found a stone staircase leading down.
e - 3 brown potions (gained 2)
There is a stone staircase leading down here.
Sigmund the Dreaded comes into view.
He is wielding a +0 scythe.
You shoot an arrow. The arrow hits Sigmund.
Sigmund shouts!
Sigmund is moderately wounded.
Sigmund casts a spell at you. The magic dart hits you.
You shoot an arrow. The arrow barely misses Sigmund.
Sigmund casts a spell at you. You resist with significant effort.
You shoot an arrow. The arrow closely misses Sigmund.
Sigmund points at you and mumbles some strange words.
You are confused.
Sigmund casts a spell at you.
You are more confused.
Sigmund points at you and mumbles some strange words.
The puff of flame misses you. Sigmund barely misses you.
Sigmund barely misses you.
Sigmund is suddenly surrounded by pale green light.
Sigmund hits you but does no damage. Sigmund closely misses you.
You feel less confused.
You shoot an arrow. The arrow barely misses Sigmund.
Sigmund barely misses you.
You shoot an arrow. The arrow hits Sigmund.
Sigmund is moderately wounded.
Sigmund barely misses you.
You shoot an arrow. The arrow barely misses Sigmund.
Sigmund points at you and mumbles some strange words.
The magic dart hits you!
Ouch! That really hurt!
You shoot an arrow. The arrow barely misses Sigmund.
Sigmund closely misses you.
You shoot an arrow. The arrow hits Sigmund.
Sigmund is moderately wounded.
Sigmund hits you from afar with a +0 scythe!
You die...

#########
..........<#
..########.#
....######(#
#.......<..#
....######%# #@..#
#.##
#####$..#####.#.##
#....@..##...###.##
#.###..###...# ##.#
#............###.##
#..##..####.#.#.##
#####..##..# #.##.##
#......##..# #.##.#
#.###>###..####.##.#
#........:.....#
#.#########.####


You could see Sigmund.

Vanquished Creatures
  3 dart slugs
  An endoplasm (D:1)
  5 goblins
  3 hobgoblins (D:1)
  A quokka (D:2)
  4 ball pythons (D:1)
  A kobold (D:1)
  2 rats (D:1)
20 creatures vanquished.

Notes
Turn   | Place    | Note
-------+----------+-------------------------------------------
     0 | D:1      | qw the Deep Elf Hunter began the quest for the Orb.
     0 | D:1      | Reached XP level 1. HP: 12/12 MP: 3/3
     0 | D:1      | 0 ||| qw: Version: 0.3-a-9-g12657ce
     0 | D:1      | 0 ||| qw: Game counter: 2023
     0 | D:1      | 0 ||| qw: Always use a shield: true
     0 | D:1      | 0 ||| qw: God list: Okawaru
     0 | D:1      | 0 ||| qw: Allow faded altars: false
     0 | D:1      | 0 ||| qw: Do Orc after D:15 true
     0 | D:1      | 0 ||| qw: Do second Lair branch before Depths: true
     0 | D:1      | 0 ||| qw: Lair rune preference: random
     0 | D:1      | 0 ||| qw: Plans: Normal
     0 | D:1      | 0 ||| PLANNING D:1-11
    43 | D:1      | Found a faded altar of an unknown god.
   180 | D:1      | Reached XP level 2. HP: 16/16 MP: 4/4
   197 | D:1      | Reached skill level 6 in Ranged Weapons
   642 | D:1      | 642 ||| UPGRADING to +0 cloak.
   647 | D:1      | 647 ||| UPGRADING to +0 helmet.
   652 | D:1      | 652 ||| UPGRADING to +6 ring of dexterity.
   653 | D:1      | 653 ||| READING scroll labelled WAREME JUEPP.
   654 | D:1      | 654 ||| READING 2 scrolls labelled ZIASER QUF BUBOUG.
   655 | D:1      | 655 ||| READING scroll of enchant weapon.
   655 | D:1      | 655 ||| ENCHANTING +1 shortbow.
   656 | D:1      | 656 ||| DROPPING scroll of butterflies.
   766 | D:2      | Noticed Sigmund
   787 | D:2      | Slain by Sigmund

Levels and vault maps discovered:
D:1:      psy_arrival_whirlpool, layout_loops_ring,
          hellmonk_ecumenical_altar_arch_garden, st_stairs_2,
          minmay_misc_feat_ornament
D:2:      layout_loops_ring, uniq_sigmund, uniq_robin, uniq_crazy_yiuf_cottage

Skill      XL: |  1  2 |
---------------+-------+-----
Ranged Weapons | 6 |  6.6
Fighting       | |  1.5
Dodging        | |  2.4
Stealth        | |  1.2

Action                     || total
---------------------------++-------
   Fire: Shortbow          ||    59
    Use: Scroll            ||     3
 Armour: Leather armour    ||     3
  Dodge: Dodged            ||    11

Table legend:
 A = Non-vault XP
 B = Vault XP
 C = Vault XP percentage of total XP
 D = Non-vault monster count
 E = Vault monster count
 F = Vault count percentage of total count
                 A         B        C        D         E       F
            +---------+---------+-------+---------+---------+-------
      Total |      40 |       0 |   0.0 |      20 |       0 |   0.0
            +---------+---------+-------+---------+---------+-------
        D:1 |      32 |       0 |   0.0 |      17 |       0 |   0.0
        D:2 |       8 |       0 |   0.0 |       3 |       0 |   0.0
            +---------+---------+-------+---------+---------+-------
